 Dungeon Crawl Stone Soup version 0.29.0-4-gdea44cf6ec (webtiles) character file.

Game seed: 10353682235641363973

53 qw the Chopper (level 3, -2/21 HPs)
             Began as a Tengu Warper on Aug 28, 2022.
             Succumbed to an adder's poison
             ... on level 2 of the Dungeon.
             The game lasted 00:00:08 (2114 turns).

qw the Chopper (Tengu Warper)                       Turns: 2114, Time: 00:00:08

Health: -2/21      AC:  5    Str: 13    XL:     3   Next: 87%
Magic:  7/7        EV: 11    Int: 13    God:
Gold:   75         SH:  0    Dex: 13    Spells: 6/6 levels left

rFire   . . .      SeeInvis .   Y - +0 hand axe
rCold   . . .      Faith    .   (no shield)
rNeg    . . .      Spirit   .   d - +0 ring mail
rPois   .          Reflect  .   (helmet restricted)
rElec   .          Harm     .   (no cloak)
rCorr   .          Rampage  .   (no gloves)
Will    .....                   (boots unavailable)
Stlth   +.........              (no amulet)
HPRegen 0.07/turn               (no ring)
MPRegen 0.10/turn               (no ring)

@: lethally poisoned (-2 -> -15)
A: beak, talons 3
a: no special abilities


You were on level 2 of the Dungeon.
You visited 1 branch of the dungeon, and saw 2 of its levels.

You collected 75 gold pieces.


Innate Abilities, Weirdness & Mutations

You have a beak for a mouth.
You have claws for feet.


   Skills:
 - Level 2.0 Fighting
 + Level 4.5 Axes
 - Level 1.0 Throwing
 - Level 1.1 Armour
 - Level 2.1 Dodging
 - Level 2.0 Spellcasting
 - Level 2.4 Translocations


You had 6 spell levels left.
You didn't know any spells.
Your spell library contained the following spells:

 Spells                   Type           Power      Damage    Failure   Level
 Blink                    Tloc           14%        N/A       30%         2
 Gell's Gravitas          Tloc           7%         N/A       52%         3
 Lesser Beckoning         Tloc           7%         N/A       52%         3
 Teleport Other           Tloc           7%         N/A       52%         3
 Manifold Assault         Tloc           7%         N/A       99%         5

Inventory:

Hand Weapons
 q - a +0 whip
 Y - a +0 hand axe (weapon)
Missiles
 g - 6 boomerangs (quivered)
Armour
 d - a +0 ring mail (worn)
Scrolls
 l - 2 scrolls of identify
Potions
 a - a potion of magic {unknown}
 i - 2 potions of curing
 k - 2 potions of degeneration {unknown}
 m - a potion of resistance {unknown}
 p - a potion of lignification {unknown}

Dungeon Overview and Level Annotations

Branches:
Dungeon (2/15)

Altars:

Shops:
D:2 [


Message History

The kobold hits you but does no damage.
You barely miss the kobold. You claw the kobold.
You kill the kobold!
Things that are here:
a +0 dagger; a kobold corpse
Found a stone staircase leading down.
An adder comes into view.
Found a scroll labelled JANYXT IWECLA.
The adder hisses angrily.
The adder bites you but does no damage.
You closely miss the adder. The adder closely misses you.
You barely miss the adder. Your peck misses the adder.
The adder barely misses you.
You hit the adder.
The adder is moderately wounded.
The adder bites you but does no damage. The adder bites you.
You are poisoned.
The adder poisons you!
You hit the adder.
The adder is moderately wounded.
You feel sick. The adder bites you.
You are more poisoned.
The adder poisons you!
You barely miss the adder. Your kick misses the adder.
Your peck misses the adder.
The adder is moderately wounded.
You feel very sick. The adder barely misses you.
The adder bites you but does no damage.
You barely miss the adder. You claw the adder, but do no damage.
The adder is moderately wounded.
You feel sick. The adder bites you but does no damage.
You barely miss the adder.
The adder is moderately wounded.
You feel sick. The adder bites you. x2
You are more poisoned.
The adder poisons you!
You hit the adder.
The adder is almost dead.
You die...

### #######.#
..>##...S.?.#
#.....@#
...##.#.# #
#.# ..# #.#
... .#.# #.#
..# #... #.#
#.# #..# #.#
# #.# #..#
#.# # #.#
#..# #.#


You could see an adder.

Vanquished Creatures
  An adder (D:2)
  2 worms (D:2)
  4 bats
  4 endoplasms
  A giant cockroach (D:1)
  2 goblins (D:1)
  4 hobgoblins
  4 jackals (D:2)
  4 quokkas
  2 ball pythons (D:1)
  A frilled lizard (D:1)
  2 kobolds
  3 rats (D:1)
34 creatures vanquished.

Notes
Turn   | Place    | Note
-------+----------+-------------------------------------------
     0 | D:1      | qw the Tengu Warper began the quest for the Orb.
     0 | D:1      | Reached XP level 1. HP: 12/12 MP: 4/4
     0 | D:1      | 0 ||| qw: Version: 0.1-a-89-g26bdef1
     0 | D:1      | 0 ||| qw: Game counter: 1966
     0 | D:1      | 0 ||| qw: Always use a shield: true
     0 | D:1      | 0 ||| qw: God list: Okawaru
     0 | D:1      | 0 ||| qw: Allow faded altars: false
     0 | D:1      | 0 ||| qw: Do Orc after D:15 true
     0 | D:1      | 0 ||| qw: Do second Lair branch before Depths: true
     0 | D:1      | 0 ||| qw: Lair rune preference: random
     0 | D:1      | 0 ||| qw: Plans: Normal
     0 | D:1      | 0 ||| PLANNING D:1-11
   239 | D:1      | 239 ||| Stepping ~*~*~tactically~*~*~ (stealth).
   242 | D:1      | Reached skill level 3 in Axes
   242 | D:1      | Reached XP level 2. HP: 17/17 MP: 6/6
   823 | D:1      | 823 ||| DROPPING +0 club.
   983 | D:1      | 983 ||| UPGRADING to +0 ring mail.
   993 | D:1      | 993 ||| DROPPING +0 leather armour.
   994 | D:1      | 994 ||| DROPPING ring of magical power.
   995 | D:1      | 995 ||| READING scroll labelled ZAWITY TOPOGI.
  1132 | D:1      | 1132 ||| READING scroll labelled LIMEWIGO ATZOAT.
  1133 | D:1      | 1133 ||| READING scroll labelled FOEHIKHE HIUPU.
  1136 | D:1      | 1136 ||| READING 3 scrolls labelled YLUSHY QOIGEA.
  1137 | D:1      | 1137 ||| READING scroll labelled PESIUT NANIGGA.
  1138 | D:1      | 1138 ||| READING 2 scrolls of identify.
  1138 | D:1      | 1138 ||| IDENTIFYING clear potion
  1139 | D:1      | 1139 ||| DROPPING scroll of blinking.
  1149 | D:2      | Found Oronudgh's Antique Armour Emporium.
  1155 | D:2      | 1155 ||| SHOPLISTING cloak (112 gold, have 32).
  1155 | D:2      | 1155 ||| SHOPLISTING glowing leather armour (125 gold, have
                  | 32).
  1155 | D:2      | 1155 ||| SHOPLISTING glowing ring mail (175 gold, have 32).
  1155 | D:2      | 1155 ||| SHOPLISTING shiny plate armour (650 gold, have
                  | 32).
  1211 | D:2      | Reached skill level 4 in Axes
  1211 | D:2      | Reached XP level 3. HP: 21/21 MP: 7/7
  1283 | D:2      | 1283 ||| Stepping ~*~*~tactically~*~*~ (stealth).
  1750 | D:2      | 1750 ||| Stepping ~*~*~tactically~*~*~ (stealth).
  1751 | D:2      | 1751 ||| Stepping ~*~*~tactically~*~*~ (stealth).
  1765 | D:2      | HP: 3/21 [jackal (3)]
  2113 | D:2      | HP: 4/21 [adder (4)]
  2114 | D:2      | Succumbed to an adder's poison

Levels and vault maps discovered:
D:1:      dpeg_arrival_rooms_b, layout_loops_ring, minivault_14,
          minmay_indecisive_spiral
D:2:      minmay_chambers_of_twos, layout_loops_ring, serial_shops, shop

Skill      XL: |  1  2 |
---------------+-------+-----
Axes           | 3 4 |  4.5
Fighting       | |  2.0
Throwing       | |  1.0
Armour         | |  1.1
Dodging        | |  2.1
Spellcasting   | |  2.0
Translocations | |  2.4

Action                   || total
-------------------------++-------
Melee: Hand axe          ||    68
       Kick              ||    13
       Peck              ||     6
       Punch             ||     2
Throw: Boomerang         ||    41
  Use: Scroll            ||     6
Armor: Leather armour    ||     3
       Ring mail         ||    11
Dodge: Dodged            ||    26

Table legend:
 A = Non-vault XP
 B = Vault XP
 C = Vault XP percentage of total XP
 D = Non-vault monster count
 E = Vault monster count
 F = Vault count percentage of total count
                 A         B        C        D         E       F
            +---------+---------+-------+---------+---------+-------
      Total |      69 |       7 |   9.2 |      30 |       4 |  11.8
            +---------+---------+-------+---------+---------+-------
        D:1 |      25 |       7 |  21.9 |      15 |       4 |  21.1
        D:2 |      44 |       0 |   0.0 |      15 |       0 |   0.0
            +---------+---------+-------+---------+---------+-------
